 Dungeon Crawl Stone Soup version 0.31-a0-237-g2d982f9f85 (webtiles) character file.

Game seed: 11101023351973013050

3389 Apogee the Basher (level 10, -8/66 HPs)
             Began as a Gargoyle Monk on July 11, 2023.
             Was a High Priest of Okawaru.
             Mangled by a wyvern (13 damage)
             ... on level 7 of the Dungeon.
             The game lasted 00:15:41 (6363 turns).

Apogee the Basher (Gargoyle Monk)                   Turns: 6363, Time: 00:15:41

Health: -8/66      AC: 17    Str: 19    XL:     10   Next: 4%
Magic:  10/10      EV: 17    Int: 11    God:    Okawaru [*****.]
Gold:   288        SH:  0    Dex: 12    Spells: 9/9 levels left

rFire   . . .        z - +3 mace (protect)
rCold   . . .        d - orb {light}
rNeg    + . .        X - +0 steam dragon scales
rPois   ∞            x - +0 helmet
rElec   +            o - +0 cloak
rCorr   .            s - +2 pair of gloves
SInv    .            (no boots)
Will    .....        e - amulet of regeneration
Stlth   +            F - +5 ring of evasion
HPRegen 1.11/turn    (no ring)
MPRegen 0.12/turn

%: no passive effects
@: glowing
A: sickness immunity, AC +7, negative energy resistance 1, electricity
resistance, torment resistance 1, petrification resistance
a: Renounce Religion, Heroism, Finesse, Duel


You were on level 7 of the Dungeon.
You worshipped Okawaru.
Okawaru was extremely pleased with you.
You visited 2 branches of the dungeon, and saw 9 of its levels.

You collected 288 gold pieces.

Inventory:

Hand Weapons
 z - a +3 mace of protection (weapon)
   (You took it off an orc on level 2 of the Dungeon)
 Q - a +1 shortbow of freezing
   (You took it off a centaur on level 6 of the Dungeon)
Missiles
 h - 56 stones
 u - 7 boomerangs
 A - 4 atropa-tipped darts (quivered)
Armour
 d - an orb of light (worn)
 n - a +0 robe
   (You took it off an orc wizard on level 8 of the Dungeon)
 o - a +0 cloak (worn)
   (You found it on level 1 of the Dungeon)
 s - a +2 pair of gloves (worn)
   (You found it on level 2 of the Dungeon)
 x - a +0 helmet (worn)
   (You found it on level 3 of the Dungeon)
 B - a +0 chain mail
   (You took it off an orc warrior on level 8 of the Dungeon)
 E - a +1 robe of willpower
   (You took it off a wight on level 8 of the Dungeon)
 I - a +0 robe
   (You took it off a wight on level 8 of the Dungeon)
 K - a +0 robe
   (You took it off a wight on level 8 of the Dungeon)
 T - a +0 chain mail
   (You found it on level 8 of the Dungeon)
 X - +0 steam dragon scales (worn)
   (You found it on level 7 of the Dungeon)
Jewellery
 e - an amulet of regeneration (around neck)
   (You found it on level 1 of the Dungeon)
 y - a ring of fire
   (You found it on level 4 of the Dungeon)
 F - a +5 ring of evasion (left hand)
   (You found it on level 4 of the Dungeon)
 G - an amulet of the acrobat
   (You found it on level 4 of the Dungeon)
 Y - a ring of positive energy
   (You found it on level 8 of the Dungeon)
Wands
 W - a wand of quicksilver (5)
   (You found it on level 7 of the Dungeon)
Scrolls
 a - a scroll of immolation {unknown}
 b - 4 scrolls of vulnerability {unknown}
 f - a scroll of teleportation {unknown}
 i - a scroll of fog {unknown}
 k - a scroll of butterflies {unknown}
 l - 2 scrolls of blinking {unknown}
 m - 6 scrolls of identify {unknown}
 p - a scroll of enchant armour {unknown}
 q - 2 scrolls of noise {unknown}
 L - 2 scrolls of revelation {unknown}
 U - a scroll of acquirement {unknown}
Potions
 c - a potion of ambrosia
 g - a potion of brilliance {unknown}
 j - a potion of mutation {unknown}
 r - 3 potions of degeneration {unknown}
 t - 3 potions of resistance {unknown}
 v - 4 potions of berserk rage {unknown}
 w - 3 potions of curing {unknown}
 C - a potion of enlightenment {unknown}
 D - a potion of might {unknown}
 H - 2 potions of heal wounds {unknown}
 J - 2 potions of invisibility {unknown}
 V - a potion of cancellation {unknown}


   Skills:
 + Level 9.5 Fighting
 * Level 11.7 Maces & Flails
 - Level 2.4 Dodging


You had 9 spell levels left.
You didn't know any spells.
Your spell library contained the following spells:

 Spells                   Type           Power      Damage    Failure   Level
 Ensorcelled Hibernation  Hex/Ice        0%         N/A       47%         2
 Spider Form              Tmut/Pois      0%         N/A       71%         3
 Anguish                  Hex/Necr       0%         N/A       98%         4
 Summon Ice Beast         Ice/Summ       Unusable   N/A       N/A         4
 Summon Mana Viper        Hex/Summ       Unusable   N/A       N/A         5
 Monstrous Menagerie      Summ           Unusable   N/A       N/A         7

Dungeon Overview and Level Annotations

Branches:
Dungeon (8/15)             Temple (1/1) D:4
   Lair: D:8-11

Altars:
Dithmenos
Elyvilon
Fedhas
Gozag
Hepliaklqana
Kikubaaqudgha
Okawaru
Sif Muna
Wu Jian
Xom
The Shining One

Shops:
D:2 !   D:8 [


Innate Abilities, Weirdness & Mutations

You are immune to sickness and miasma.
Your stone body is resilient. (AC +7)
You are immune to poison.
You resist negative energy. (rN+)
You are resistant to electric shocks. (rElec)
You are resistant to unholy torment.
You are immune to petrification.


Message History

The wight barely misses you. The wight hits you with a +4 trident.
You hit the wight. The wyvern completely misses you.
You sock the wight!
The kobold throws a throwing net.
The throwing net misses you. The wyvern closely misses you.
The wight misses you. x2
You sock the wight!
You destroy the wight!
Okawaru accepts your kill. The wyvern misses you.
The wight hits you with a +4 trident. The wyvern misses you.
You hit the wight. The wight hits you but does no damage.
The kobold closely misses you. The wyvern barely misses you.
You hit the wight but do no damage. The wyvern closely misses you.
The orc priest begins to cast a cantrip, but forgets the words!
The orc priest calls down the wrath of Beogh upon you.
Beogh smites you! The wight hits you but does no damage. The kobold misses you.
The orc priest looks braver for a moment.
The orc priest mumbles some strange prayers to Beogh against you.
Beogh smites you!
* * * LOW HITPOINT WARNING * * *
The wight completely misses you. The kobold hits you but does no damage.
The wyvern bites you.
* * * LOW HITPOINT WARNING * * *
The orc priest looks satisfied for a moment.
You see here a throwing net {!f}.
The wyvern completely misses you. The kobold attacks as you move away!
The kobold hits you but does no damage.
You see here a +3 great sword of freezing.
The kobold attacks as you move away! The kobold closely misses you.
The wyvern closely misses you. The wyvern attacks as you move away!
The wyvern bites you!
* * * LOW HITPOINT WARNING * * *
The orc priest miscasts a cantrip.
The wyvern attacks as you move away! The wyvern bites you.
* * * LOW HITPOINT WARNING * * *
The kobold attacks as you move away!
The kobold hits you with a +0 short sword.
* * * LOW HITPOINT WARNING * * *
The wyvern closely misses you. The wyvern bites you!
* * * LOW HITPOINT WARNING * * *
There is an escape hatch in the ceiling here.
Really go through this one-way escape hatch?
The wyvern misses you. The wight closely misses you. The kobold misses you.
A mysterious force pulls you upwards. The hatch slams shut behind you.
The wyvern attacks as you move away! The wyvern completely misses you.
The wyvern misses you. The kobold attacks as you move away!
The kobold misses you. The wyvern attacks as you move away!
The wyvern bites you!
You die...

####.# ##...## ##.# # #.#
##'## #.# # #.# #.# #.# #
#.# #.# #.# # #.#
##.######### #.# # ##.##
#####..........# #.# #
##...###..............# #.#
#
##.....##.###..lK......###.#
#
#.............@#...........#
#
##.....##.###..#.......#####
## ##...###.# #..........#
#. ##.## #.# ##.#.......# #.
### #.####.#.####### ##.
#........# #######..
######.### #........ #.#
#.######. #######.###### #.#
#.


You could see a wyvern and a kobold.

Vanquished Creatures
  Grinder (D:6)
  Grum (D:8)
  A steam dragon (D:7)
  2 water moccasins
  An orc warrior (D:8)
  3 ice beasts
  A black bear (D:6)
  2 ogres
  4 wolves (D:8)
  3 centaurs
  3 phantoms
  4 bullfrogs
  4 wights (D:8)
  A howler monkey (D:5)
  2 hounds
  An orc priest (D:8)
  A gnoll bouda (D:5)
  A jelly (D:6)
  4 iguanas
  2 sleepcaps (D:5)
  10 orc wizards
  10 adders
  5 gnolls
  3 white imps
  3 worms
  2 dart slugs
  14 orcs
  5 ball pythons
  3 bats
  A bat zombie (D:5)
  3 endoplasms
  3 giant cockroaches (D:3)
  6 goblins
  5 hobgoblins
  16 jackals
  5 quokkas
  6 frilled lizards
  15 kobolds
  3 rats
  3 rat zombies (D:5)
163 creatures vanquished.

Vanquished Creatures (others)
  A black bear (D:6)
  A centaur (D:6)
  A bullfrog (D:6)
  2 iguanas (D:6)
  2 adders (D:6)
  An ufetubus (D:6)
  An orc (D:6)
9 creatures vanquished.

Grand Total: 172 creatures vanquished

Notes
Turn   | Place    | Note
-------+----------+-------------------------------------------
     0 | D:1      | Apogee the Gargoyle Monk began the quest for the Orb.
     0 | D:1      | Reached XP level 1. HP: 14/14 MP: 1/1
   118 | D:1      | Reached XP level 2. HP: 14/19 MP: 2/2
   688 | D:2      | Reached XP level 3. HP: 21/24 MP: 3/3
   743 | D:2      | Reached skill level 4 in Maces & Flails
   906 | D:2      | You fall into a shaft and drop 1 floor!
   937 | D:2      | Found Luapsone's Distillery.
  1005 | D:2      | Reached XP level 4. HP: 29/29 MP: 4/4
  1014 | D:2      | Found a faded altar of an unknown god.
  1791 | D:3      | Reached XP level 5. HP: 34/34 MP: 5/5
  1848 | D:3      | Reached skill level 5 in Maces & Flails
  2603 | D:4      | Reached XP level 6. HP: 40/40 MP: 6/6
  2659 | D:4      | Reached skill level 5 in Fighting
  2680 | D:4      | Found a staircase to the Ecumenical Temple.
  2688 | D:4      | Reached skill level 6 in Maces & Flails
  2693 | Temple   | Entered the Ecumenical Temple
  2716 | Temple   | Became a worshipper of Warmaster Okawaru
  2716 | Temple   | Reached * piety under Okawaru
  2716 | Temple   | Reached ** piety under Okawaru
  3186 | D:5      | Entered Level 5 of the Dungeon
  3235 | D:5      | Reached XP level 7. HP: 44/44 MP: 7/7
  3416 | D:5      | Found a shimmering blue altar of Sif Muna.
  3474 | D:5      | Reached skill level 7 in Maces & Flails
  3488 | D:5      | Identified the +0 scale mail of Elyvilon, Uplifting {*Slow
                  | Str+3 Int+4}
  3502 | D:5      | Found a glowing golden altar of the Shining One.
  3844 | D:5      | Found an ancient bone altar of Kikubaaqudgha.
  4039 | D:5      | Reached *** piety under Okawaru
  4040 | D:5      | Reached XP level 8. HP: 52/52 MP: 8/8
  4106 | D:6      | Reached skill level 8 in Maces & Flails
  4151 | D:6      | Noticed Grinder
  4444 | D:6      | Reached skill level 9 in Maces & Flails
  4591 | D:6      | Killed Grinder
  4592 | D:6      | Reached XP level 9. HP: 58/59 MP: 9/9
  4599 | D:6      | Found a shimmering altar of Xom.
  4730 | D:6      | Reached **** piety under Okawaru
  4731 | D:6      | Reached skill level 10 in Maces & Flails
  6048 | D:8      | Noticed Grum
  6076 | D:8      | Killed Grum
  6077 | D:8      | Reached skill level 11 in Maces & Flails
  6322 | D:8      | Reached ***** piety under Okawaru
  6331 | D:8      | Reached XP level 10. HP: 63/66 MP: 10/10
  6342 | D:8      | Found Dupn's Armour Shop.
  6358 | D:8      | HP: 1/66 [wyvern (14)]
  6363 | D:7      | Mangled by a wyvern

Illustrated notes

Levels and vault maps discovered:
D:1:      roderic_chinese_lattice_arrival, layout_rooms, minmay_misc_feat_plants
D:2:      layout_basic, serial_shops, shop,
          hellmonk_ecumenical_altar_leap_of_faith, lexackson_kobold_supper
D:3:      layout_loops_corners
D:4:      layout_basic, minmay_temple_entry_ruins, serial_glass,
          glass_columns_c, glass_columns_b, feat_on_display
D:5:      layout_basic, mainiacjoe_overflow_boulevard,
          lemuel_zombie_altar_kikubaaqudgha, tso_metal_star,
          chequers_hall_statues_corner_a
D:6:      layout_layer_cave, xom_confusion_cloud, uniq_grinder
D:7:      minmay_flawed_box, layout_loops_corners,
          corexii_item_surrounded_by_moat
D:8:      layout_basic, serial_shops, shop, uniq_grum
Temple:   kb_temple_of_zot

Skill      XL: |  1  2  3  4  5  6  7  8  9 |
---------------+----------------------------+-----
Maces & Flails | 4 5 6 7 9 11 | 11.7
Fighting       | 4 5 6 7 9 |  9.5
Dodging        | |  2.4

Action                     |  1- 3 |  4- 6 |  7- 9 | 10-12 || total
---------------------------+-------+-------+-------+-------++-------
  Melee: Mace              |    56 |   126 |   309 |     9 ||   500
         Whip              |    42 |    94 |       |       ||   136
  Throw: Stone             |       |     6 |     6 |       ||    12
         Dart              |       |       |     8 |       ||     8
 Armour: Robe              |    30 |    27 |       |       ||    57
         Leather armour    |       |    11 |       |       ||    11
         Ring mail         |       |    63 |    82 |       ||   145
         Steam dragon scal |       |       |    45 |     6 ||    51
  Dodge: Dodged            |    67 |   143 |   242 |    25 ||   477

Table legend: (Time is in decaauts)
 A = Elapsed time spent in this place.
 B = Non-inter-level travel time spent in this place.
 C = Inter-level travel time spent in this place.
 D = Time resting spent in this place.
 E = Time spent auto-exploring this place.
 F = Levels seen in this place.
 G = Mean time per level.
                   A        B        C        D        E       F      G
               +--------+--------+--------+--------+--------+-----+--------+
         Total |   6362 |   5985 |    377 |     71 |   4238 |   9 |  706.9 |
       Dungeon |   6309 |   5953 |    356 |     71 |   4238 |   8 |  788.6 |
        Temple |     53 |     32 |     21 |      0 |      0 |   1 |   53.0 |
               +--------+--------+--------+--------+--------+-----+--------+

Top non-repeatable levels by time:
     D:3: 1035 daAuts
     D:5: 950 daAuts
     D:7: 921 daAuts
     D:2: 918 daAuts
     D:6: 882 daAuts
     D:4: 633 daAuts
     D:1: 590 daAuts
     D:8: 377 daAuts
  Temple: 53 daAuts
